 Dungeon Crawl Stone Soup version 0.29.1-12-g30fa7ad0bf (webtiles) character file.

Game seed: 9450961033761566107

32 Gabide the Trooper (level 3, 0/29 HPs)
             Began as a Mummy Berserker on Dec 21, 2022.
             Was a Follower of Trog.
             Killed from afar by Sigmund (12 damage)
             ... with a puff of flame
             ... on level 2 of the Dungeon.
             The game lasted 00:01:48 (2030 turns).

Gabide the Trooper (Mummy Berserker)                Turns: 2030, Time: 00:01:48

Health: 0/29       AC:  7    Str: 22    XL:     3   Next: 10%
Magic:  3/3        EV: 11    Int:  6    God:    Trog [*.....]
Gold:   80         SH:  0    Dex: 11    Spells: 2/2 levels left

rFire   x . .      SeeInvis .     - Unarmed
rCold   + . .      Faith    .   (no shield)
rNeg    + + +      Spirit   .   f - +0 ring mail
rPois   ∞          Reflect  .   (no helmet)
rElec   .          Harm     .   e - +0 cloak
rCorr   .          Rampage  .   (no gloves)
Will    .....                   a - +0 pair of boots
Stlth   +.........              (no amulet)
HPRegen 0.09/turn               (no ring)
MPRegen 0.08/turn               (no ring)

@: no status effects
A: cold resistance 1, negative energy resistance 3, torment resistance 2, heat
vulnerability 1, in touch with death 1, no potions
a: Renounce Religion


You were on level 2 of the Dungeon.
You worshipped Trog.
Trog was aware of your devotion.
You visited 1 branch of the dungeon, and saw 2 of its levels.

You collected 80 gold pieces.

Inventory:

Missiles
 b - 2 boomerangs (quivered)
Armour
 a - a +0 pair of boots (worn)
 e - a +0 cloak (worn)
 f - a +0 ring mail (worn)
Scrolls
 c - a scroll of fear
 d - a scroll of blinking {unknown}
 h - a scroll of teleportation


   Skills:
 * Level 3.5 Fighting
 - Level 1.5 Armour
 + Level 1.9 Dodging
 * Level 2.9 Unarmed Combat


You had 2 spell levels left.
You didn't know any spells.
Your spell library was empty.

Dungeon Overview and Level Annotations

Branches:
Dungeon (2/15)

Altars:

Annotations:
D:2 Sigmund


Innate Abilities, Weirdness & Mutations

You are immune to poison.
Your flesh is cold resistant. (rC+)
You are immune to negative energy. (rN+++)
You are immune to unholy pain and torment.
You are vulnerable to heat. (rF-)
You are in touch with the powers of death.
You do not drink.


Message History

You are more confused.
You barely miss Sigmund.
Sigmund is lightly wounded.
Sigmund gestures at you while chanting. The magic dart hits you.
Sigmund hits you but does no damage.
You bump into the rock wall.
Sigmund closely misses you.
You hit Sigmund. You punch Sigmund, but do no damage.
Sigmund is moderately wounded.
Sigmund misses you.
You bump into the rock wall.
You feel less confused.
Sigmund hits you from afar with a +0 scythe.
Sigmund misses you.
You hit Sigmund but do no damage.
Sigmund is moderately wounded.
You closely miss Sigmund.
Sigmund is moderately wounded.
Sigmund hits you with a +0 scythe.
You hit Sigmund but do no damage.
Sigmund is moderately wounded.
Sigmund points at you and mumbles some strange words.
You resist with some effort.
You closely miss Sigmund.
Sigmund is moderately wounded.
You closely miss Sigmund.
Sigmund is moderately wounded.
Sigmund barely misses you.
Okay, then.
As you read the scroll labelled ALUFOS RYTOKUC, it crumbles to dust.
It is a scroll of identify.
c - a scroll of fear Sigmund hits you but does no damage.
You closely miss Sigmund.
Sigmund is moderately wounded.
You hit Sigmund.
Sigmund is heavily wounded.
Sigmund points at you and mumbles some strange words.
The puff of flame hits you! The fire burns you terribly!
You die...

#..........
#.#..#####. ## #.#..#
.. #.#:.# ## #.#..#
.. ### #.#..# .. ..#
#.#@.# .# #.#
###.#.## .# #.#
#..@@.# .# #.#
#.#.#.# .# #.#
#.#.#.#
.#########.###.#....
.......##...##.###.##
.####..........# .#
.# #..##...#### .# .#
#..###.## .# .# #..#
#.#


You could see Sigmund.

Vanquished Creatures
  An adder (D:2)
  2 worms (D:2)
  A dart slug (D:1)
  6 bats
  2 giant cockroaches (D:2)
  A hobgoblin (D:2)
  A quokka (D:1)
  A frilled lizard (D:2)
  A goblin (D:2)
  A kobold (D:2)
17 creatures vanquished.

Notes
Turn   | Place    | Note
-------+----------+-------------------------------------------
     0 | D:1      | Gabide the Mummy Berserker began the quest for the Orb.
     0 | D:1      | Reached XP level 1. HP: 18/18 MP: 1/1
   861 | D:1      | Found a faded altar of an unknown god.
   882 | D:2      | Reached XP level 2. HP: 24/24 MP: 2/2
  1446 | D:2      | Noticed Sigmund
  1748 | D:2      | Gained mutation: You are in touch with the powers of death.
                  | [Mummy growth]
  1748 | D:2      | Reached XP level 3. HP: 27/29 MP: 3/3
  2030 | D:2      | Killed from afar by Sigmund

Illustrated notes

Levels and vault maps discovered:
D:1:      spicycebolla_green_bress_n_ham, layout_loops_corners,
          dilly_ecumenical_altar_fadedgnrine, minmay_misc_feat_chi
D:2:      layout_loops_ring, kennysheep_generic_room_13, uniq_sigmund

Action                   || total
-------------------------++-------
Melee: Unarmed           ||   128
       Punch             ||     3
Throw: Boomerang         ||    25
  Use: Scroll            ||     2
Armor: Animal skin       ||     7
       Ring mail         ||    44
Dodge: Dodged            ||    83
